 Dungeon Crawl Stone Soup version 0.30.0 (webtiles) character file.

Game seed: 9254354558924797095

74 Ayyar the Grasshopper (level 4, 0/38 HPs)
             Began as a Gnoll Warper on May 12, 2023.
             Killed from afar by an orc wizard (8 damage)
             ... with a magic dart
             ... on level 3 of the Dungeon.
             The game lasted 00:10:13 (1685 turns).

Ayyar the Grasshopper (Gnoll Warper)                Turns: 1685, Time: 00:10:14

Health: 0/38       AC:  9    Str: 13    XL:     4   Next: 28%
Magic:  11/11      EV: 11    Int: 12    God:
Gold:   72         SH:  0    Dex: 11    Spells: 13/13 levels left

rFire   . . .        a - +0 spear
rCold   . . .        (no shield)
rNeg    . . .        g - +0 ring mail
rPois   .            (no helmet)
rElec   .            (no cloak)
rCorr   .            (no gloves)
SInv    .            (no boots)
Will    .....        (no amulet)
Stlth   +            j - +4 ring of protection
HPRegen 0.26/turn    (no ring)
MPRegen 0.12/turn

%: no passive effects
@: no status effects
A: fangs 1, strong nose, distributed training
a: no special abilities


You were on level 3 of the Dungeon.
You visited 1 branch of the dungeon, and saw 3 of its levels.

You collected 72 gold pieces.

Inventory:

Hand Weapons
 a - a +0 spear (weapon)
Missiles
 d - 7 boomerangs of dispersal
 k - 5 poisoned darts (quivered)
 n - 8 javelins
Armour
 g - a +0 ring mail (worn)
 h - a +0 chain mail
Jewellery
 j - a +4 ring of protection (left hand)
Scrolls
 b - a scroll of magic mapping {unknown}
 c - 2 scrolls of blinking
 e - a scroll of teleportation {unknown}
 f - a scroll of fog {unknown}
 m - a scroll of identify {unknown}
Potions
 l - a potion of brilliance {unknown}
 p - a potion of cancellation {unknown}


   Skills:
 + Level 4.6 Fighting
 + Level 1.1 Short Blades
 + Level 1.1 Long Blades
 + Level 1.1 Axes
 + Level 1.1 Maces & Flails
 + Level 4.6 Polearms
 + Level 1.1 Staves
 + Level 1.1 Ranged Weapons
 + Level 2.7 Throwing
 + Level 2.7 Armour
 + Level 4.6 Dodging
 + Level 1.1 Stealth
 + Level 1.1 Shields
 + Level 1.1 Unarmed Combat
 + Level 5.1 Spellcasting
 + Level 0.9 Conjurations
 + Level 0.9 Hexes
 + Level 0.9 Summonings
 + Level 0.9 Necromancy
 + Level 5.4 Translocations
 + Level 0.9 Transmutations
 + Level 0.9 Fire Magic
 + Level 0.9 Ice Magic
 + Level 0.9 Air Magic
 + Level 0.9 Earth Magic
 + Level 0.9 Poison Magic
 + Level 1.2 Invocations
 + Level 1.1 Evocations


You had 13 spell levels left.
You didn't know any spells.
Your spell library contained the following spells:

 Spells                   Type           Power      Damage    Failure   Level
 Blink                    Tloc           32%        N/A       6%          2
 Lesser Beckoning         Tloc           32%        N/A       6%          2
 Teleport Other           Tloc           16%        N/A       13%         3
 Magic Dart               Conj           20%        1d4       28%         1
 Vhi's Electric Charge    Tloc/Air       20%        N/A       32%         3
 Searing Ray              Conj           10%        2d4       38%         2
 Sublimation of Blood     Necr           5%         N/A       38%         2
 Wereblood                Tmut           5%         N/A       38%         2
 Manifold Assault         Tloc           16%        N/A       38%         4
 Fulminant Prism          Conj/Hex       2%         3d5       95%         4
 Summon Hydra             Summ           2%         N/A       100%        7


Dungeon Overview and Level Annotations

Branches:
Dungeon (3/15)

Altars:
Ashenzari
Yredelemnul


Innate Abilities, Weirdness & Mutations

You have very sharp teeth.
Your uncanny sense of smell can sniff out nearby items.
Your experience applies equally to all skills.


Message History

You miss the orc wizard.
The orc wizard is moderately wounded.
The orc wizard hits you but does no damage.
You closely miss the orc wizard.
The orc wizard is moderately wounded.
The orc wizard hits you but does no damage.
You hit the orc wizard but do no damage.
Your punch misses the orc wizard.
The orc wizard is moderately wounded.
The orc wizard closely misses you.
You closely miss the orc wizard.
The orc wizard is moderately wounded.
The orc wizard misses you.
You closely miss the orc wizard. Your bite misses the orc wizard.
The orc wizard is moderately wounded.
The orc wizard hits you but does no damage.
You hit the orc wizard but do no damage.
The orc wizard is moderately wounded.
The orc wizard hits you but does no damage.
You barely miss the orc wizard.
The orc wizard is lightly wounded.
The orc wizard points at you and mumbles some strange words.
The magic dart hits you.
* * * LOW HITPOINT WARNING * * *
You hit the orc wizard.
The orc wizard is moderately wounded.
You hit the orc wizard.
The orc wizard is heavily wounded.
The orc wizard hits you with a +0 dagger.
* * * LOW HITPOINT WARNING * * *
You hit the orc wizard.
The orc wizard is heavily wounded.
The orc wizard closely misses you.
You completely miss the orc wizard.
The orc wizard is heavily wounded.
The orc wizard hits you with a +0 dagger.
* * * LOW HITPOINT WARNING * * *
The orc wizard gestures at you while chanting.
The magic dart hits you!
You die...

# #...............##.#
#.#.#####.........##.#
#.#.####...._8_.#....#
#..<...##.......#..###
###)##............#.#
#.######.#.#.###.##
#.# #.##..##.##
#.######.###.#.##
#..@.o.{.# ##.##
########## ###


You could see an orc wizard.

Vanquished Creatures
  An adder (D:2)
  2 worms (D:2)
  An orc (D:3)
  3 ball pythons (D:1)
  7 bats
  4 endoplasms
  2 giant cockroaches
  10 goblins
  4 hobgoblins
  7 jackals (D:1)
  5 frilled lizards
  4 kobolds
  2 rats (D:1)
52 creatures vanquished.

Notes
Turn   | Place    | Note
-------+----------+-------------------------------------------
     0 | D:1      | Ayyar the Gnoll Warper began the quest for the Orb.
     0 | D:1      | Reached XP level 1. HP: 20/20 MP: 6/6
   100 | D:1      | Reached XP level 2. HP: 18/26 MP: 7/7
   310 | D:1      | Found a faded altar of an unknown god.
   469 | D:1      | Reached skill level 5 in Spellcasting
   469 | D:1      | Reached XP level 3. HP: 31/31 MP: 7/9
   688 | D:1      | Reached skill level 1 in Invocations
  1071 | D:2      | Reached skill level 1 in Short Blades
  1071 | D:2      | Reached skill level 1 in Long Blades
  1071 | D:2      | Reached skill level 1 in Axes
  1071 | D:2      | Reached skill level 1 in Maces & Flails
  1071 | D:2      | Reached skill level 1 in Staves
  1071 | D:2      | Reached skill level 1 in Ranged Weapons
  1071 | D:2      | Reached skill level 1 in Stealth
  1071 | D:2      | Reached skill level 1 in Shields
  1071 | D:2      | Reached skill level 1 in Unarmed Combat
  1071 | D:2      | Reached skill level 1 in Evocations
  1343 | D:2      | Reached XP level 4. HP: 25/38 MP: 11/11
  1580 | D:3      | Found a basalt altar of Yredelemnul.
  1584 | D:3      | Found a broken altar of Ashenzari.
  1685 | D:3      | Killed from afar by an orc wizard

Illustrated notes

Levels and vault maps discovered:
D:1:      wander_arrival_chamber, layout_loops_ring, basic_ecumenical_altar,
          kennysheep_pointless_box, minivault_4
D:2:      kennysheep_the_goblin_king, layout_basic, amcnicky_mini_pool_small,
          minmay_tetromino_l4
D:3:      layout_loops_corners, chequers_temple_overflow_statue_of_worship,
          nrook_uturn, uniq_robin

Skill      XL: |  1  2  3 |
---------------+----------+-----
Spellcasting   | 5 |  5.1
Invocations    | 1 |  1.2
Short Blades   | 1 |  1.1
Long Blades    | 1 |  1.1
Axes           | 1 |  1.1
Maces & Flails | 1 |  1.1
Staves         | 1 |  1.1
Ranged Weapons | 1 |  1.1
Stealth        | 1 |  1.1
Shields        | 1 |  1.1
Unarmed Combat | 1 |  1.1
Evocations     | 1 |  1.1
Fighting       | |  4.6
Polearms       | |  4.6
Throwing       | |  2.7
Armour         | |  2.7
Dodging        | |  4.6
Conjurations   | |  0.9
Hexes          | |  0.9
Summonings     | |  0.9
Necromancy     | |  0.9
Translocations | |  5.4
Transmutations | |  0.9
Fire Magic     | |  0.9
Ice Magic      | |  0.9
Air Magic      | |  0.9
Earth Magic    | |  0.9
Poison Magic   | |  0.9

Action                     |  1- 3 |  4- 6 || total
---------------------------+-------+-------++-------
  Melee: Spear             |   151 |    42 ||   193
         Bite              |     9 |     3 ||    12
         Punch             |     2 |       ||     2
  Throw: Dart              |    17 |     1 ||    18
         Javelin           |     2 |       ||     2
    Use: Potion            |       |     2 ||     2
 Armour: Leather armour    |     5 |       ||     5
         Ring mail         |    31 |    32 ||    63
  Dodge: Dodged            |    58 |    13 ||    71
